AoeStats
← Tunga

Arabia

508898861Analyzed
1v1 RM · 8d ago on Sep 24, 2026· 70m 59s· 2 players
Game mode
Random Map
Map size
Tiny (2 player)
Population
200
Speed
Normal
Resources
Standard
Victory
Conquest
Starting age
Dark Age
Ending age
Imperial Age
RankedLock teamsTeams togetherTeam positionsShared explorationLock speedFull tech treeHidden civsTurbo modeCheats
Victory
Defeat
🇧🇷 Burgundians · Brazil
781
+16
🇹🇷 Koreans · Türkiye
787
-16
joaoperdona
0:27 Loom
9:10 Wheelbarrow
11:40 Feudal Age
12:33 Double-Bit Axe
17:54 Castle Age
27:38 Bow Saw
29:04 Horse Collar
29:40 Gold Mining
29:45 Town Watch
31:43 Stone Mining
35:23 Hand Cart
36:50 Heavy Plow
37:53 Two-Man Saw
40:33 Imperial Age
38:23 Forging
38:38 Scale Mail Armor
38:10 Pikeman
38:57 Squires
39:37 Town Patrol
41:14 Gold Shaft Mining
42:30 Chemistry
41:47 Halberdier
43:47 Elite Coustillier
45:49 Crop Rotation
45:06 Elite Coustillier
49:14 Elite Skirmisher
50:14 Burgundian Vineyards
Tunga
8:27 Loom
11:49 Feudal Age
11:55 Man-at-Arms
12:27 Horse Collar
12:42 Double-Bit Axe
13:43 Wheelbarrow
21:55 Fletching
27:52 Castle Age
29:15 Hand Cart
29:52 Bow Saw
31:11 Husbandry
38:25 Eupseong
39:16 Fervor
43:08 Imperial Age
42:19 Crossbowman
43:04 Thumb Ring
43:46 Arbalester
44:54 Heavy Plow
46:40 Ballistics
50:45 Two-Man Saw
49:48 Gold Mining
53:56 Chemistry
54:29 Bodkin Arrow
56:03 Scale Mail Armor
57:45 Elite Skirmisher
57:58 Cavalier
67:31 Light Cavalry
Connection lost

Rejoining the realm…

Still unreachable

The connection could not be restored.

Session expired

The server has moved on; the page needs a fresh start.